 Dungeon Crawl Stone Soup version 0.29.1-12-g30fa7ad0bf (webtiles) character file.

Game seed: 7640430617308618230

4 JanusIIV the Cudgeller (level 1, -1/14 HPs)
             Began as a Gargoyle Berserker on Jan 11, 2023.
             Was a Follower of Trog.
             Slain by a quokka (3 damage)
             ... on level 1 of the Dungeon.
             The game lasted 00:00:19 (115 turns).

JanusIIV the Cudgeller (Gargoyle Berserker)          Turns: 115, Time: 00:00:20

Health: -1/14      AC:  4    Str: 20    XL:     1   Next: 70%
Magic:  1/1        EV: 11    Int:  7    God:    Trog [*.....]
Gold:   0          SH:  0    Dex:  9    Spells: 0/0 levels left

rFire   . . .      SeeInvis .   a - +0 mace
rCold   . . .      Faith    .   (no shield)
rNeg    + . .      Spirit   .   b - +0 animal skin
rPois   ∞          Reflect  .   (no helmet)
rElec   +          Harm     .   (no cloak)
rCorr   .          Rampage  .   (no gloves)
Will    .....                   (no boots)
Stlth   +.........              (no amulet)
HPRegen 0.04/turn               (no ring)
MPRegen 0.07/turn               (no ring)

@: attractive
A: sickness immunity, AC +2, negative energy resistance 1, electricity
resistance, torment resistance 1, petrification resistance
a: Renounce Religion, Berserk


You were on level 1 of the Dungeon.
You worshipped Trog.
Trog was aware of your devotion.
You visited 1 branch of the dungeon, and saw 1 of its levels.

Inventory:

Hand Weapons
 a - a +0 mace (weapon)
Armour
 b - a +0 animal skin (worn)
 c - a +0 scale mail


   Skills:
 - Level 3.2 Fighting
 + Level 3.3 Maces & Flails
 - Level 2.1 Armour
 - Level 1.5 Dodging


You couldn't memorise any spells.
You didn't know any spells.
Your spell library was empty.

Dungeon Overview and Level Annotations

Branches:
Dungeon (1/15)

Altars:


Innate Abilities, Weirdness & Mutations

You are immune to sickness and miasma.
Your stone body is resilient. (AC +2)
You are immune to poison.
You resist negative energy. (rN+)
You are resistant to electric shocks. (rElec)
You are resistant to unholy torment.
You are immune to petrification.


Message History

The jackal misses you.
The jackal barks!
You thump the jackal!
You kill the jackal!
Trog accepts your kill.
You sock the jackal!
You kill the jackal!
Trog accepts your kill. The jackal bites you.
You hit the jackal but do no damage. The jackal bites you.
A quokka comes into view.
The jackal barely misses you.
You hit the jackal but do no damage. The jackal closely misses you.
The jackal barely misses you.
You fail to use your ability.
The jackal bites you.
You closely miss the jackal. The jackal closely misses you.
The jackal completely misses you.
You hit the jackal but do no damage. The jackal closely misses you.
The jackal bites you but does no damage.
You completely miss the jackal.
The jackal bites you but does no damage.
You barely miss the jackal. The jackal bites you. x2
You miss the jackal. The jackal misses you. The jackal bites you.
* * * LOW HITPOINT WARNING * * *
You closely miss the jackal.
The jackal bites you but does no damage.
The jackal closely misses you.
You hit the jackal but do no damage. The jackal bites you.
* * * LOW HITPOINT WARNING * * *
It was a potion of attraction.
You feel attractive to monsters. The jackal bites you.
* * * LOW HITPOINT WARNING * * *
The jackal barely misses you.
You sock the jackal!
You kill the jackal!
Trog accepts your kill. The quokka closely misses you.
You closely miss the quokka. The quokka bites you.
You die...

##################
.................#
#........#######.#
#.######.#.. ?#.#
#.# #.##.##h#.# #.#
#.# h!..#.# #.#
#.###...#.# #.#
#.#.....#.# #.#
#.#.....#@# #.#
#.####.##r#
#.######.........###
.............>.....#
............#......#
#.#########........#
#.# ##.......# #.#
#...##### #.# ##...


You could see a quokka.

Vanquished Creatures
  3 jackals (D:1)
  A frilled lizard (D:1)
4 creatures vanquished.

Notes
Turn   | Place    | Note
-------+----------+-------------------------------------------
     0 | D:1      | JanusIIV the Gargoyle Berserker began the quest for the
                  | Orb.
     0 | D:1      | Reached XP level 1. HP: 14/14 MP: 1/1
   115 | D:1      | Slain by a quokka

Illustrated notes

Levels and vault maps discovered:
D:1:      eino_arrival_tree_alley, layout_basic, serial_shops,
          nicolae_shop_bloodbath_and_beyond

Action                   || total
-------------------------++-------
Melee: Mace              ||    16
  Use: Potion            ||     1
Armor: Animal skin       ||     3
Dodge: Dodged            ||    13
